 Dungeon Crawl Stone Soup version 0.30-b1-2-g02819fbbbe (webtiles) character file.

Game seed: 7042969221858855248

59 Megalobster the Chopper (level 3, -6/46 HPs)
             Began as a Minotaur Berserker on Dec 30, 2023.
             Was a Follower of Trog.
             Killed by nerve-wracking pain
             ... invoked by Jessica
              (8 damage)
             ... on level 2 of the Dungeon.
             The game lasted 00:03:02 (1469 turns).

Megalobster the Chopper (Minotaur Berserker)        Turns: 1469, Time: 00:03:02

Health: -6/46      AC:  2    Str: 23    XL:     3   Next: 78%
Magic:  2/2        EV: 12    Int:  4    God:    Trog [*.....]
Gold:   87         SH:  0    Dex:  9    Spells: 2/2 levels left

rFire   . . .        j - +0 war axe
rCold   . . .        (no shield)
rNeg    . . .        b - +0 animal skin
rPois   .            (helmet restricted)
rElec   .            m - scarf {+Inv}
rCorr   .            (no gloves)
SInv    .            (no boots)
Will    .....        (no amulet) Stlth
                     (no ring)
HPRegen 0.27/turn    (no ring)
MPRegen 0.08/turn

%: no passive effects
@: berserking, very quick
A: horns 2, retaliatory headbutt
a: Renounce Religion, Evoke Invisibility, Berserk


You were on level 2 of the Dungeon.
You worshipped Trog.
Trog was aware of your devotion.
You visited 1 branch of the dungeon, and saw 2 of its levels.

You collected 87 gold pieces.

Inventory:

Hand Weapons
 a - a +0 hand axe
 h - a +4 dagger
 j - a +0 war axe (weapon)
Missiles
 c - 16 stones (quivered)
Armour
 b - a +0 animal skin (worn)
 i - a +0 scale mail
 m - a scarf of invisibility (worn)
Scrolls
 d - a scroll of silence {unknown}
 e - a scroll of teleportation {unknown}
 g - a scroll of blinking {unknown}
 k - a scroll of noise {unknown}
 l - a scroll of fear {unknown}
Potions
 f - a potion of haste {unknown}
 n - a potion of curing {unknown}
 o - a potion of heal wounds {unknown}


   Skills:
 - Level 3.6 Fighting
 * Level 5.4 Axes
 + Level 2.8 Armour
 - Level 2.1 Dodging
 * Level 0.7 Evocations


You had 2 spell levels left.
You didn't know any spells.
Your spell library was empty.

Dungeon Overview and Level Annotations

Branches:
Dungeon (2/15)

Altars:

Annotations:
D:2 Jessica


Innate Abilities, Weirdness & Mutations

You have a pair of horns on your head.
You reflexively headbutt those who attack you in melee.


Message History

You closely miss Jessica.
Jessica points at you and mumbles some strange words.
You feel yourself slow down. Jessica barely misses you.
You furiously retaliate!
You headbutt Jessica.
Unknown command.
Unknown command.
You hit Jessica but do no damage.
Jessica is heavily wounded.
Jessica mumbles some strange words.
Jessica blinks!
You start resting.
Jessica casts a spell.
Jessica blinks!
Jessica mumbles something strange.
Jessica mumbles some strange words.
Jessica seems to speed up.
Jessica gestures at you while chanting. Pain shoots through your body!
You feel yourself speed up. Jessica gestures at you while chanting.
Pain shoots through your body! Jessica hits you with a +0 club.
You hit Jessica.
Jessica is almost dead.
Jessica barely misses you.
You hit Jessica but do no damage. Your headbutt misses Jessica.
Jessica is almost dead.
Jessica hits you with a +0 club. Jessica misses you.
You hit Jessica. Your headbutt misses Jessica.
Jessica is almost dead.
Jessica hits you with a +0 club.
* * * LOW HITPOINT WARNING * * *
Jessica hits you with a +0 club!
* * * LOW HITPOINT WARNING * * *
A red film seems to cover your vision as you go berserk!
You feel yourself moving faster!
You feel mighty!
You can no longer call upon Trog for regeneration and willpower.
Jessica gestures at you while chanting. Pain shoots through your body!
You die...

#....# #............... ###
#....# #.###........... ..#
#....# #.#<............ ..#
#....# #.#.#...........
..######### #.#.#...........
........######.#...#+#######
..)...............>#
.######)#.......@#.#
......#.#.####.#@#.#
....#.#.#.#....#.#.#####
##....#.#.#.####.#.#...#
###...#.#.#†# #.#.##..# #
#.#.#.#.#.# #.#.....# #
#.#...#.#.# #.#@###.......
###.....#.#.# #............!
#.......#.#.# #.............
......#.#.#.# #....##.......


You could see Jessica (fast).

Vanquished Creatures
  3 adders (D:2)
  A dart slug (D:1)
  2 ball pythons (D:1)
  3 endoplasms
  4 giant cockroaches
  3 goblins (D:1)
  3 hobgoblins (D:1)
  3 bats
  3 kobolds
  6 rats
31 creatures vanquished.

Notes
Turn   | Place    | Note
-------+----------+-------------------------------------------
     0 | D:1      | Megalobster the Minotaur Berserker began the quest for the
                  | Orb.
     0 | D:1      | Reached XP level 1. HP: 19/19 MP: 0/0
    87 | D:1      | Reached skill level 4 in Axes
   151 | D:1      | Reached XP level 2. HP: 12/26 MP: 1/1
  1115 | D:2      | Reached skill level 5 in Axes
  1115 | D:2      | Reached XP level 3. HP: 31/31 MP: 2/2
  1421 | D:2      | Reached ** piety under Trog
  1426 | D:2      | Noticed Jessica
  1468 | D:2      | HP: 1/31 [Jessica/+0 club (7)]
  1469 | D:2      | Killed from afar by Jessica

Illustrated notes

Levels and vault maps discovered:
D:1:      dpeg_arrival_rhombi, layout_basic, serial_glass, glass_columns_b,
          glass_columns_a
D:2:      layout_basic, uniq_natasha, uniq_jessica

Skill      XL: |  1  2 |
---------------+-------+-----
Axes           | 4 5 |  5.4
Fighting       | |  3.6
Armour         | |  2.8
Dodging        | |  2.1
Evocations     | |  0.7

Action                     || total
---------------------------++-------
  Melee: Hand axe          ||    44
         Headbutt          ||     7
         Punch             ||     2
         War axe           ||    22
 Invoke: Berserk           ||     1
 Armour: Animal skin       ||     6
  Dodge: Dodged            ||    45
